AoeStats
← zack

Black Forest

505458429Analyzed
1v1 RM · 2mo ago on Sep 9, 2026· 95m 37s· 2 players
Game mode
Random Map
Map size
Tiny (2 player)
Population
200
Speed
Normal
Resources
Standard
Victory
Conquest
Starting age
Dark Age
Ending age
Imperial Age
RankedLock teamsTeams togetherTeam positionsShared explorationLock speedFull tech treeHidden civsTurbo modeCheats
Victory
Defeat
🇨🇳 Byzantines · China
618
+18
vs
🇷🇺 Britons · Russia
670
-18
zack
13:08 Feudal Age
12:24 Loom
20:13 Castle Age
19:22 Double-Bit Axe
19:23 Horse Collar
22:27 Heavy Plow
22:58 Treadmill Crane
23:44 Fervor
31:10 Wheelbarrow
30:32 Stone Mining
30:34 Gold Mining
33:23 Padded Archer Armor
33:30 Scale Barding Armor
38:05 Imperial Age
36:26 Hand Cart
36:23 Bow Saw
38:09 Greek Fire
38:45 Chain Barding Armor
38:41 Leather Archer Armor
38:51 Fortified Wall
40:29 Two-Man Saw
40:02 Crop Rotation
40:59 Plate Barding Armor
40:55 Ring Archer Armor
40:38 Forging
40:18 Fletching
40:54 Ballistics
40:12 Elite Skirmisher
41:50 Conscription
42:16 Logistica
44:18 Iron Casting
44:16 Murder Holes
44:07 Arrowslits
45:23 Chemistry
45:45 Elite Cataphract
47:08 Guard Tower
47:52 Bodkin Arrow
54:09 Keep
54:19 Onager
55:25 Bracer
56:06 Bombard Tower
63:39 Husbandry
66:59 Light Cavalry
68:26 Thumb Ring
69:32 Hussar
70:58 Capped Ram
77:08 Cavalier
78:33 Paladin
85:04 Siege Ram
Менеджер
8:37 Loom
16:02 Feudal Age
16:28 Horse Collar
17:26 Wheelbarrow
18:21 Double-Bit Axe
21:14 Gold Mining
24:56 Castle Age
25:55 Hand Cart
27:13 Bow Saw
39:20 Gold Shaft Mining
40:56 Stone Mining
46:10 Heavy Plow
49:12 Imperial Age
46:28 Town Watch
51:07 Chemistry
50:33 Onager
55:59 Two-Man Saw
55:26 Heavy Scorpion
57:35 Conscription
57:22 Elite Longbowman
58:23 Yeomen
59:06 Padded Archer Armor
58:56 Fletching
59:17 Forging
59:52 Ballistics
59:30 Murder Holes
60:31 Leather Archer Armor
61:46 Coinage
61:27 Guilds
61:55 Iron Casting
61:33 Bodkin Arrow
63:31 Ring Archer Armor
64:38 Blast Furnace
64:06 Bracer
65:46 Banking
70:11 Arrowslits
87:05 Pikeman
87:45 Squires
87:31 Arson
87:32 Gambesons
88:04 Scale Mail Armor
87:48 Halberdier
89:59 Chain Mail Armor
Connection lost

Rejoining the realm…

Still unreachable

The connection could not be restored.

Session expired

The server has moved on; the page needs a fresh start.